 Dungeon Crawl Stone Soup version 0.27-a0-1113-gb2b6fe9c5e (console) character file.

Game seed: 8643665823849884166

65 Gather the Insei (level 4, 0/25 HPs)
             Began as an Octopode Transmuter on May 1, 2021.
             Succumbed to an adder's poison
             ... on level 2 of the Dungeon.
             The game lasted 00:07:40 (1800 turns).

Gather the Insei (Octopode Transmuter)              Turns: 1800, Time: 00:07:41

Health: 0/25       AC:  1    Str:  9    XL:     4   Next: 14%
Magic:  6/7        EV: 17    Int: 17    God:
Gold:   43         SH:  0    Dex: 13    Spells: 1/7 levels left

rFire    . . .     SeeInvis +     - Unarmed
rCold    . . .     Faith    +   (no shield)
rNeg     . . .     Spirit   .   (helmet restricted)
rPois    .         Reflect  .   k - amulet of faith
rElec    .         Harm     .   c - ring of see invisible
rCorr    .         Rampage  .   h - +4 ring of evasion
Will     .....     Rnd*Tele +   j - ring of flight
Stlth    ++........             (no ring)
HPRegen  0.08/turn              (no ring)
MPRegen  0.10/turn              (no ring)
                                (no ring)
                                (no ring)

@: lethally poisoned (0 -> -1), about to teleport, flying
A: almost no armour, amphibious, 8 rings, camouflage 1, gelatinous body 1,
(nimble swimmer 1), tentacles, clever 1, frail 1, teleportitis 1
a: no special abilities


You were on level 2 of the Dungeon.
You visited 1 branch of the dungeon, and saw 2 of its levels.

You collected 43 gold pieces.

Inventory:

Hand Weapons
 b - a +0 short sword
 f - a +0 dagger
Missiles
 m - a stone
Armour
 d - a +0 buckler
Jewellery
 c - a ring of see invisible (left tentacle)
 h - a +4 ring of evasion (right tentacle)
 j - a ring of flight (on tentacle)
 k - an amulet of faith (around mantle)
Scrolls
 e - 3 scrolls of identify


   Skills:
 - Level 1.0 Fighting
 - Level 2.0 Dodging
 - Level 3.5 Unarmed Combat
 - Level 2.0 Spellcasting
 + Level 3.0 Transmutations
 + Level 2.5 Poison Magic


You had one spell level left.
You knew the following spells:

 Your Spells              Type           Power      Damage    Failure   Level
a - Beastly Appendage     Tmut           24%        N/A       5%          1
w - Wereblood             Tmut           12%        N/A       9%          2
x - Spider Form           Tmut/Pois      5%         N/A       19%         3

Your spell library contained the following spells:

 Spells                   Type           Power      Damage    Failure   Level
 Ice Form                 Ice/Tmut       6%         N/A       71%         4
 Hydra Form               Tmut           6%         N/A       83%         5


Dungeon Overview and Level Annotations

Branches:
Dungeon (2/15)

Altars:


Innate Abilities, Weirdness & Mutations

You cannot wear most types of armour.
You are amphibious.
You can wear up to eight rings at the same time.
Your skin changes colour to match your surroundings (Stealth+).
Your rubbery body absorbs attacks. (AC +1, EV +1)
((You are camouflaged near water. (Stealth+)))
You have tentacles for arms and can constrict up to eight enemies at once.
Your mind is acute. (Int +2)
You are frail. (-10% HP)
You are occasionally teleported next to monsters.


Message History

You kill the adder!
You feel very sick.
Your Transmutations skill increases to level 3!
You have reached level 4!
You feel sick.
* * * LOW HITPOINT WARNING * * *
You feel sick.
There is a lethal amount of poison in your body!
It was a potion of mutation.
You feel extremely strange.
You feel resistant to cold.
You no longer feel cold resistant.
You feel resistant to poisons.
* * * LOW HITPOINT WARNING * * *
You feel sick.
It was a potion of cancellation.
Your magical effects are unravelling.
You feel magically purged.
Your tentacle spike disappears.
* * * LOW HITPOINT WARNING * * *
You feel sick.
Okay, then.
As you read the scroll labelled CYLOENT HAIR, it crumbles to dust.
It is a scroll of identify.
g - a scroll of teleportation
* * * LOW HITPOINT WARNING * * *
You feel sick.
Unknown command.
As you read the scroll labelled JEXIFR SOTZAR, it crumbles to dust.
You speak a Word of immense power!
It was a scroll of holy word.
* * * LOW HITPOINT WARNING * * *
You feel sick.
Unknown command.
Really quaff the potion of mutation?
You feel extremely strange.
You feel less resistant to poisons.
You feel weirdly uncertain.
You feel frail.
You feel clever.
* * * LOW HITPOINT WARNING * * *
You feel sick.
Sorry, you're not good enough to have a special ability.
There is a lethal amount of poison in your body!
As you read the scroll of teleportation, it crumbles to dust.
You feel strangely unstable.
You die...

.≈≈ ≈≈≈. .≈_.≈
≈§≈≈. .§.≈ #§≈
######.# .#
#@..†.# ..#
#.####.# ### #.#
#.# .# ... #.# #.#
.# #.# #.# #.# .#
#.# #.# #.#
#.####.####.# #.#
#.S.....).... #.#
######.####.# #.#
#.# #.#
#.#########.# #..
#...........####..


There were no monsters in sight!

Vanquished Creatures
  Jessica (D:2)
  An adder (D:2)
  A dart slug (D:1)
  2 bats (D:1)
  3 endoplasms (D:1)
  4 giant cockroaches (D:1)
  4 goblins (D:1)
  4 kobolds
  A quokka (D:1)
  3 ball pythons
  2 frilled lizards
  A rat (D:1)
27 creatures vanquished.

Notes
Turn   | Place    | Note
-------+----------+-------------------------------------------
     0 | D:1      | Gather the Octopode Transmuter began the quest for the Orb.
     0 | D:1      | Reached XP level 1. HP: 13/13 MP: 3/3
   240 | D:1      | Reached XP level 2. HP: 13/18 MP: 3/5
   424 | D:1      | Learned a level 2 spell: Wereblood
   901 | D:1      | Reached XP level 3. HP: 22/23 MP: 4/6
  1136 | D:1      | Learned a level 3 spell: Spider Form
  1149 | D:2      | Noticed an ogre
  1315 | D:2      | Noticed Jessica
  1354 | D:2      | Killed Jessica
  1770 | D:2      | Found a faded altar of an unknown god.
  1793 | D:2      | Reached XP level 4. HP: 11/28 MP: 5/7
  1795 | D:2      | Gained mutation: Your flesh is cold resistant. (rC+)
                  | [potion of mutation]
  1795 | D:2      | Lost mutation: Your flesh is cold resistant. (rC+) [potion
                  | of mutation]
  1795 | D:2      | Gained mutation: Your system is resistant to poisons.
                  | (rPois) [potion of mutation]
  1799 | D:2      | Lost mutation: Your system is resistant to poisons. (rPois)
                  | [potion of mutation]
  1799 | D:2      | Gained mutation: You are occasionally teleported next to
                  | monsters. [potion of mutation]
  1799 | D:2      | Gained mutation: You are frail. (-10% HP) [potion of
                  | mutation]
  1799 | D:2      | Gained mutation: Your mind is acute. (Int +2) [potion of
                  | mutation]
  1799 | D:2      | HP: 1/25 [poisoned by an adder]
  1800 | D:2      | Succumbed to an adder's poison

Illustrated notes

Levels and vault maps discovered:
D:1:      giann_wishing_wells, layout_loops_cross
D:2:      minmay_diamond_boxcup, layout_loops_ring, serial_aquarium,
          aquarium_bridge_square [aquarium_subvault_wall,
          aquarium_subvault_bridge, aquarium_subvault_wall,
          aquarium_subvault_wall], aquarium_window_corner, aquarium_window_fake,
          aquarium_view_2d, aquarium_view_2d,
          shapermc_ecumenical_altar_starsandcircs, grunt_ministairs_3,
          uniq_natasha, uniq_jessica

Skill      XL: |  1  2  3 |
---------------+----------+-----
Poison Magic   | 2 |  2.5
Transmutations | 3 |  3.0
Fighting       | |  1.0
Dodging        | |  2.0
Unarmed Combat | |  3.5
Spellcasting   | |  2.0

Action                   |  1- 3 |  4- 6 || total
-------------------------+-------+-------++-------
Melee: Unarmed           |    64 |       ||    64
       Kick              |    12 |       ||    12
       Constrict         |    14 |       ||    14
       Tentacles         |     9 |       ||     9
       Punch             |     1 |       ||     1
 Cast: Beastly Appendage |    17 |       ||    17
       Spider Form       |     4 |       ||     4
  Use: Scroll            |       |     3 ||     3
       Potion            |       |     3 ||     3
 Stab: Sleeping          |     9 |       ||     9
Armor: Skin              |     7 |       ||     7
Dodge: Dodged            |    35 |       ||    35

Table legend: (Time is in decaauts)
 A = Elapsed time spent in this place.
 B = Non-inter-level travel time spent in this place.
 C = Inter-level travel time spent in this place.
 D = Time resting spent in this place.
 E = Time spent auto-exploring this place.
 F = Levels seen in this place.
 G = Mean time per level.
                   A        B        C        D        E       F      G
               +--------+--------+--------+--------+--------+-----+--------+
         Total |   1797 |   1703 |     94 |    169 |   1135 |   2 |  898.5 |
       Dungeon |   1797 |   1703 |     94 |    169 |   1135 |   2 |  898.5 |
               +--------+--------+--------+--------+--------+-----+--------+

Top non-repeatable levels by time:
     D:1: 1229 daAuts
     D:2: 568 daAuts
